 Dungeon Sprint DCSS version 0.30.1-11-g7821555f0a (webtiles) character file.

Game seed: 10637653624122268664

16 Groucho the Magician (level 2, -3/13 HPs)
             Began as a Spriggan Conjurer on Nov 20, 2023.
             Was a Believer of Vehumet.
             Killed from afar by Blork the orc (8 damage)
             ... with a magic dart
             ... in the Dungeon (Sprint VII: "The Pits").
             The game lasted 00:02:57 (1321 turns).

Groucho the Magician (Spriggan Conjurer)            Turns: 1321, Time: 00:02:57

Health: -3/13      AC:  2    Str:  3    XL:     2   Next: 41%
Magic:  0/8        EV: 17    Int: 19    God:    Vehumet [**....]
Gold:   0          SH:  0    Dex: 13    Spells: 6/9 levels left

rFire   . . .        (weapon restricted)
rCold   . . .        (no shield)
rNeg    . . .        a - +0 robe
rPois   .            (helmet restricted)
rElec   .            (no cloak)
rCorr   .            (gloves unavailable)
SInv    +            (boots unavailable)
Will    .....        (no amulet)
Stlth   ++           (no ring)
HPRegen 0.22/turn    (no ring)
MPRegen 0.11/turn

%: no teleportation
@: very quick
A: very small, no large weapons, unfitting armour, see invisible, speed 3
a: Renounce Religion


You were in the Dungeon.
You worshipped Vehumet.
Vehumet was pleased with you.
You visited 1 branch

Inventory:

Hand Weapons
 h - a +2 quarterstaff
Armour
 a - a +0 robe (worn)
Scrolls
 g - a scroll of blinking
 j - 5 scrolls of amnesia
 k - a scroll of summoning
Potions
 b - 5 potions of magic
 c - a potion of curing
 d - a potion of heal wounds
 e - a potion of haste
 f - 3 potions of berserk rage
 i - 2 potions of invisibility


   Skills:
 - Level 2.6 Dodging
 - Level 3.0 Stealth
 + Level 4.3 Spellcasting
 * Level 4.3 Conjurations


You had 6 spell levels left.
You knew the following spells:

 Your Spells              Type           Power      Damage    Failure   Level
a - Magic Dart            Conj           80%        1d7       2%          1
b - Searing Ray           Conj           40%        2d5       3%          2

Your spell library contained the following spells:

 Spells                   Type           Power      Damage    Failure   Level
 Freeze                   Ice            16%        1d4       13%         1
 Dazzling Flash           Conj/Hex       24%        N/A       16%         3
 Fulminant Prism          Conj/Hex       6%         3d7       47%         4
 Iskenderun's Mystic Bla  Conj/Tloc      12%        2d5       47%         4


Dungeon Overview and Level Annotations

Branches:
Dungeon (1/1)

Altars:
Ashenzari
Cheibriados
Dithmenos
Elyvilon
Fedhas
Gozag
Hepliaklqana
Kikubaaqudgha
Makhleb
Nemelex Xobeh
Okawaru
Qazlal
Ru
Sif Muna
Trog
Uskayaw
Vehumet
Wu Jian
Xom
Yredelemnul
Zin
The Shining One
Jiyva
Lugonu

Annotations:
D Blork the orc


Innate Abilities, Weirdness & Mutations

You are very small and have problems with some larger weapons.
You are too small for most types of armour.
You have supernaturally acute eyesight. (SInv)
You cover ground extremely quickly. (Speed+++)


Message History

You finish channelling your searing ray.
Blork the orc barely misses you.
Unknown command.
Unknown command.
There is an open door here.
There is an open door here.
Blork the orc screams, "I'll crush all your ribs!
One by one!"
Casting: Searing Ray (safe; 3% risk of failure)
Confirm with . or Enter, or press ? or * to list all spells.
Aiming: Searing Ray (safe; 3% risk of failure)
Press: ? - help, Shift-Dir - straight line, f - frilled lizard, p - Blork the orc
Aim: a frilled lizard (63% to hit)
The searing ray hits Blork the orc.
Blork the orc is moderately wounded.
The searing ray hits the frilled lizard.
You kill the frilled lizard!
Vehumet accepts your kill. (Press . to maintain the ray.) Unknown command.
Unknown command.
The searing ray hits Blork the orc.
Blork the orc is heavily wounded.
Blork the orc gestures at you while chanting.
The puff of flame misses you.
Unknown command.
Unknown command.
The searing ray hits Blork the orc.
Blork the orc is heavily wounded.
Blork the orc points at you and mumbles some strange words.
The puff of flame hits you!
Ouch! That really hurt!
Unknown command.
Unknown command.
Without enough magic to sustain it, your searing ray dissipates.
Unknown command.
Unknown command.
Blork the orc points at you and mumbles some strange words.
The magic dart hits you!
Ouch! That really hurt!
You die...

############ #_________.#
#_________.#
#_______...###########++####
##########'##...............
#.?(.')))'.##......#..#.....
##########.##...............
#........o.@)...............
#+#####'#####......#..#.....
#.รท#..#..##...............
#..'..'..#####'#####++####
##'####+###.......# #...
#.......# #.... #.......#
#####+ #...<...# #.......#


You could see Blork the orc.

Vanquished Creatures
  An ufetubus (D)
  An adder zombie (D)
  2 giant cockroaches (D)
  A kobold (D)
  A quokka (D)
  A ball python (D)
  A frilled lizard (D)
8 creatures vanquished.

Notes
Turn   | Place    | Note
-------+----------+-------------------------------------------
     0 | D        | Groucho the Spriggan Conjurer began the quest for the Orb.
     0 | D        | Reached XP level 1. HP: 9/9 MP: 5/5
   161 | D        | Found a bloodstained altar of Trog.
   161 | D        | Found a shimmering blue altar of Sif Muna.
   161 | D        | Found a viscous altar of Jiyva.
   161 | D        | Found a hazy altar of Hepliaklqana.
   161 | D        | Found an opulent altar of Gozag.
   162 | D        | Found a glowing golden altar of the Shining One.
   162 | D        | Found a glowing silver altar of Zin.
   162 | D        | Found a basalt altar of Yredelemnul.
   162 | D        | Found a shimmering altar of Xom.
   162 | D        | Found an ornate altar of the Wu Jian Council.
   162 | D        | Found a sacrificial altar of Ru.
   162 | D        | Found a stormy altar of Qazlal.
   162 | D        | Found an iron altar of Okawaru.
   162 | D        | Found a sparkling altar of Nemelex Xobeh.
   162 | D        | Found a burning altar of Makhleb.
   162 | D        | Found a blossoming altar of Fedhas.
   162 | D        | Found a white marble altar of Elyvilon.
   162 | D        | Found a shadowy altar of Dithmenos.
   162 | D        | Found a snail-covered altar of Cheibriados.
   164 | D        | Found a radiant altar of Vehumet.
   164 | D        | Found a corrupted altar of Lugonu.
   165 | D        | Found a hide-covered altar of Uskayaw.
   165 | D        | Found an ancient bone altar of Kikubaaqudgha.
   165 | D        | Found a broken altar of Ashenzari.
   172 | D        | Became a worshipper of Vehumet
   205 | D        | Reached XP level 2. HP: 9/13 MP: 2/7
   487 | D        | Reached * piety under Vehumet
   487 | D        | Offered knowledge of Foxfire by Vehumet.
   742 | D        | Learned a level 2 spell: Searing Ray
  1306 | D        | Noticed Blork the orc
  1310 | D        | Offered knowledge of Freeze by Vehumet.
  1310 | D        | Reached ** piety under Vehumet
  1321 | D        | Killed from afar by Blork the orc

Illustrated notes

Levels and vault maps discovered:
D:        pitsprint [storerooms_1, entrance_room_1, metal_vault_1, armoury_3,
          mini_pit_1, grid_room_1, main_hall_1, silver_pit, the_coven_1,
          the_vestibule_1, steel_vault_4, golden_pit, hallway_of_sentries,
          crystal_vault_3, iron_vault_2, final_vault]

Skill      XL: |  1  2 |
---------------+-------+-----
Spellcasting   | 3 4 |  4.3
Conjurations   | 4 |  4.3
Dodging        | |  2.6
Stealth        | |  3.0

Action                     || total
---------------------------++-------
   Cast: Magic Dart        ||    20
         Searing Ray       ||     3
  Dodge: Dodged            ||     8
